 Dungeon Crawl Stone Soup version 0.22.1-1-ga44c0e5 (webtiles) character file.

79359 raph the Basher (level 15, 0/96 HPs)
             Began as a Gargoyle Fighter on Sept 14, 2018.
             Was a High Priest of Okawaru.
             Slain by a red ugly thing (22 damage)
             ... on level 15 of the Dungeon on Oct 3, 2018.
             The game lasted 01:15:58 (27536 turns).

raph the Basher (Gargoyle Fighter)                 Turns: 27536, Time: 01:15:59

Health: 0/96       AC: 41    Str: 25    XL:     15   Next: 63%
Magic:  24/24      EV: 11    Int: 11    God:    Okawaru [*****.]
Gold:   1501       SH:  9    Dex: 17    Spells: 14/14 levels left

rFire    x . .     SeeInvis .   a - +8 flail of Aloinn {holy, rElec rF- Dex+3}
rCold    + + .     Gourm    .   j - +2 buckler {rC+}
rNeg     + + .     Faith    .   o - +3 plate armour {rC+}
rPois    ∞         Spirit   .   V - +2 hat {Int+3}
rElec    +         Reflect  .   O - +0 cloak {MR+}
rCorr    +         Harm     .   Z - +2 pair of gloves {Str+3}
MR       +++..                  R - +2 pair of boots "Agirr" {MR+}
Stlth    ..........             B - amulet of the acrobat
HPRegen  0.26/turn              t - ring of resist corrosion
MPRegen  0.19/turn              C - ring of positive energy

@: flying
A: big wings, negative energy resistance 1, electricity resistance, unbreathing,
petrification resistance, rot immunity, AC +11
a: Stop Flying, Heroism, Finesse, Renounce Religion


You were on level 15 of the Dungeon.
You worshipped Okawaru.
Okawaru was extremely pleased with you.
You were not hungry.

You visited 3 branches of the dungeon, and saw 22 of its levels.
You also visited: Ossuary and Bailey.

You collected 2794 gold pieces.
You spent 1293 gold pieces at shops.

Inventory:

Hand Weapons
 a - the +8 flail of Aloinn (weapon) {holy, rElec rF- Dex+3}
   (You bought it in a shop on level 2 of the Orcish Mines)

   It has been blessed by the Shining One to cause great damage to the undead
   and demons.
   It affects your dexterity (+3).
   It makes you vulnerable to fire.
   It insulates you from electricity.
 b - the +5 whip "Soamew" {drain, *Slow rPois rF+++}
   (You found it on level 5 of the Dungeon)

   A truly terrible weapon, it drains the life of those it strikes.
   It renders you almost immune to fire.
   It protects you from poison.
   It may slow you when you take damage.
 l - a +2 morningstar of holy wrath
 F - the +6 mace of the Doomed Warrior {flame, MR+ Int-2 Dex+2 SInv}
   (You bought it in a shop on level 6 of the Dungeon)

   It has been specially enchanted to burn those struck by it, causing extra
   injury to most foes and up to half again as much damage against particularly
   susceptible opponents.
   It affects your intelligence (-2).
   It affects your dexterity (+2).
   It affects your resistance to hostile enchantments.
   It lets you see invisible.
Missiles
 g - an exploding tomahawk
 n - 12 tomahawks (quivered)
 L - 6 poisoned tomahawks
 S - 3 tomahawks of dispersal
Armour
 j - a +2 buckler of cold resistance (worn)
 o - a +3 plate armour of cold resistance (worn)
 q - a +2 pair of boots of stealth
 J - a scarf of cloud immunity
 O - a +0 cloak of magic resistance (worn)
 R - the +2 pair of boots "Agirr" (worn) {MR+}
   (Okawaru gifted it to you on level 2 of the Lair of Beasts)

   It affects your resistance to hostile enchantments.
 V - a +2 hat of intelligence (worn)
 Z - a +2 pair of gloves of strength (worn)
Jewellery
 e - an uncursed ring of ice
 t - a ring of resist corrosion (left hand)
 x - an uncursed amulet of the gourmand
 B - an amulet of the acrobat (around neck)
 C - a ring of positive energy (right hand)
Wands
 i - a wand of iceblast (10)
 v - a wand of digging (11)
 M - a wand of acid (18)
 N - a wand of random effects (16)
 Y - a wand of polymorph (45)
Scrolls
 c - 4 scrolls of fear
 d - 4 scrolls of magic mapping
 k - 12 scrolls of remove curse
 s - a scroll of amnesia
 A - 6 scrolls of enchant weapon
 D - 5 scrolls of blinking
 G - 5 scrolls of immolation
 H - 4 scrolls of identify
 I - 4 scrolls of teleportation
 K - 2 scrolls of fog
Potions
 h - 5 potions of curing
 m - 3 potions of agility
 p - 4 potions of brilliance
 r - 7 potions of heal wounds
 u - a potion of berserk rage
 w - 5 potions of haste
 z - 3 potions of ambrosia
 E - 2 potions of might
 P - a potion of cancellation
 W - 3 potions of magic
Miscellaneous
 y - a box of beasts
 T - a phantom mirror
 U - a fan of gales
Comestibles
 f - 31 rations


   Skills:
 + Level 11.6 Fighting
 + Level 14.9 Maces & Flails
 + Level 13.3 Armour
 + Level 6.3 Dodging
 + Level 9.4 Shields
 + Level 12.8 Invocations
 + Level 3.3 Evocations


You had 14 spell levels left.
You didn't know any spells.
Your spell library contained the following spells:

 Spells                   Type           Power        Failure   Level  Hunger
 Infusion                 Chrm           #...         96%         1    ##.....
 Summon Butterflies       Summ           #.......     96%         1    ##.....
 Corpse Rot               Necr           N/A          99%         2    ###....
 Shroud of Golubria       Chrm/Tloc      #.........   99%         2    ###....
 Song of Slaying          Chrm           #.......     99%         2    ###....
 Call Canine Familiar     Summ           #.......     100%        3    ####...
 Regeneration             Chrm/Necr      #.........   100%        3    ####...
 Spectral Weapon          Hex/Chrm       #.......     100%        3    ####...
 Summon Ice Beast         Ice/Summ       #.......     100%        4    #####..
 Agony                    Necr           #.......     100%        5    ######.
 Bolt of Draining         Conj/Necr      #.........   100%        5    ######.
 Dispel Undead            Necr           #.......     100%        5    ######.
 Excruciating Wounds      Chrm/Necr      #.........   100%        5    ######.
 Summon Mana Viper        Hex/Summ       #.......     100%        5    ######.
 Summon Hydra             Summ           #.........   100%        7    #######
 Sublimation of Blood     Necr           Unusable     N/A         2    N/A

Dungeon Overview and Level Annotations

Branches:
Dungeon (15/15)            Temple (0/1) D:6            Lair (5/6) D:8
  Swamp (0/4) Lair:3        Snake (0/4) Lair:2        Slime (0/5) Lair:5
    Orc (2/2) D:12            Elf (0/3) Orc:2        Vaults (0/5) D:14
 Depths: D:15

Altars:
Ashenzari
Dithmenos
Elyvilon
Gozag
Hepliaklqana
Kikubaaqudgha
Nemelex Xobeh
Okawaru
Ru
Sif Muna
Uskayaw
Vehumet
Xom
Yredelemnul
Beogh
Jiyva

Shops:
D:5 %!   D:6 (   D:7 *   Orc:2 ([[(

Annotations:
Lair:2 exclusion: 5 oklob plants


Innate Abilities, Weirdness & Mutations

You are resistant to torment.
Your stone body is resilient. (AC +11)
You are immune to poison.
Your large and strong wings let you fly indefinitely.
You resist negative energy. (rN+)
You are resistant to electric shocks. (rElec)
You can survive without breathing.
You are immune to petrification.
You are immune to rotting.


Message History

You hit the green ugly thing.
You kill the green ugly thing!
Okawaru accepts your kill. The red ugly thing gores you.
You are engulfed in flames!!
The fire burns you terribly!
* * * LOW HITPOINT WARNING * * *
You are too injured to fight recklessly!
You are too injured to fight recklessly!
You are too injured to fight recklessly!
You are too injured to fight recklessly!
You are too injured to fight recklessly!
You are too injured to fight recklessly!
You are too injured to fight recklessly!
The red ugly thing misses you.
You hit the red ugly thing.
The red ugly thing is lightly wounded.
The red ugly thing gores you.
* * * LOW HITPOINT WARNING * * *
You are engulfed in flames!!
The fire burns you terribly!
You die...

...... ......
......#######
.$..........###########
.......................
.......................
...............<.......
...........u@..........
...)..†..$.............
...<...................
....?.#########..######
...... #..# ...... #..#
..... #..# ..... ..#


You could see a red ugly thing.

Vanquished Creatures
  An orc warlord (Orc:2)
  2 entropy weavers (Lair:4)
  The ghost of Ymberto the Fighter, a journeyman NaTm of Okawaru (Lair:2)
  Snorg (D:11)
  Josephine (D:11)
  4 vault guards (D:14)
  11 hydras
  2 death knights (D:14)
  3 centaur warriors
  3 two-headed ogres
  A queen ant (Lair:4)
  5 tengu warriors (D:14)
  The ghost of Nydiazath the Unseen, a journeyman SpEn of Sif Muna (D:11)
  3 orc high priests (Orc:2)
  Urug (Lair:1)
  Sonja (Orc:1)
  Nergalle (D:11)
  A skeletal warrior (D:14)
  4 harpies (D:14)
  2 orc knights
  A deep elf mage (D:14)
  An orc sorcerer (Orc:2)
  8 ugly things
  A manticore (D:14)
  3 cyclopes
  4 elephants (Lair:1)
  A centaur zombie (D:14)
  Joseph (D:10)
  2 black mambas (Lair:3)
  5 spiny frogs
  3 rime drakes
  A gargoyle (D:14)
  2 centaur skeletons (D:14)
  4 komodo dragons
  4 trolls
  A polar bear (Lair:4)
  2 hornets
  20 blink frogs
  A slime creature (D:14)
  A meliai zombie (D:12)
  8 hippogriffs
  7 wyverns
  A shadow (D:14)
  Sigmund (D:3)
  2 basilisks
  2 water elementals
  2 vampires
  28 yaks
  A spriggan (D:8)
  Eustachio (D:5)
  3 wraiths (D:11)
  2 hungry ghosts
  The ghost of Ymberto the Bolt Thrower, an amateur HuHu (D:3)
  3 wargs (Orc:2)
  2 steam dragons
  Menkaure (D:5)
  5 vampire mosquitoes
  25 soldier ants
  3 acid dragons
  4 porcupines
  4 ice beasts
  35 orc warriors
  7 water moccasins
  2 phantoms (D:6)
  A hornet zombie (D:11)
  3 sky beasts
  3 necrophages
  8 ogres
  19 wolves
  25 centaurs
  10 crocodiles
  18 bullfrogs
  A gnoll sergeant (D:7)
  A wyvern zombie (D:7)
  A wyvern skeleton (D:12)
  6 scorpions
  28 killer bees
  4 wights (D:9)
  2 howler monkeys (D:12)
  An electric eel (D:12)
  5 crimson imps
  6 hounds
  3 jellies
  2 quasits
  18 orc priests
  26 orc wizards
  Jessica (D:2)
  6 bullfrog skeletons
  Terence (D:3)
  3 iguanas
  27 worker ants
  Natasha (thrice) (D:2)
  2 big kobold zombies (Ossuary)
  A hound skeleton (D:6)
  2 mummies (Ossuary)
  A worker ant zombie (D:7)
  5 gnolls (D:7)
  12 adders
  A shadow imp (D:12)
  3 oozes
  An adder skeleton (D:5)
  2 worms
  2 dart slugs (D:1)
  4 leopard geckos
  102 orcs
  5 giant cockroaches
  2 gnoll zombies (Ossuary)
  12 goblins
  9 hobgoblins
  13 jackals
  7 quokkas
  A ball python (D:1)
  8 bats
  6 frilled lizards
  A giant cockroach zombie (D:6)
  3 goblin zombies (Ossuary)
  4 hobgoblin zombies (Ossuary)
  10 kobolds
  A leopard gecko zombie (D:5)
  3 orc zombies (Ossuary)
  A quokka zombie (D:9)
  6 rats
  A fungus (D:8)
728 creatures vanquished.

Vanquished Creatures (others)
  An orc wizard (D:10)
  An orc (D:12)
  10 fungi
  8 plants
20 creatures vanquished.

Grand Total: 748 creatures vanquished

Notes
Turn   | Place    | Note
-------+----------+-------------------------------------------
     0 | D:1      | raph the Gargoyle Fighter began the quest for the Orb.
     0 | D:1      | Reached XP level 1. HP: 14/14 MP: 1/1
   110 | D:1      | Reached XP level 2. HP: 16/19 MP: 2/2
   285 | D:1      | Reached XP level 3. HP: 23/23 MP: 3/3
   565 | D:2      | Noticed Natasha
   586 | D:2      | Killed Natasha
   586 | D:2      | Reached skill level 3 in Maces & Flails
   586 | D:2      | Reached XP level 4. HP: 16/29 MP: 4/4
   603 | D:2      | Noticed Natasha
   616 | D:2      | Killed Natasha
   980 | D:2      | Found a shattered altar of Ashenzari.
  1172 | D:2      | Noticed Natasha
  1179 | D:2      | Killed Natasha
  1179 | D:2      | Reached XP level 5. HP: 32/33 MP: 5/5
  1263 | D:2      | Noticed Jessica
  1270 | D:2      | Killed Jessica
  1611 | D:3      | Noticed Terence
  1646 | D:3      | Killed Terence
  1801 | D:3      | Reached skill level 4 in Maces & Flails
  1857 | D:3      | Reached XP level 6. HP: 37/39 MP: 6/6
  1881 | D:3      | Noticed Ymberto's ghost (amateur HuHu)
  1956 | D:3      | Found a transporter.
  1959 | D:3      | Found a transporter.
  2082 | D:3      | Found an iron altar of Okawaru.
  2089 | D:3      | Became a worshipper of Warmaster Okawaru
  2240 | D:3      | Noticed Sigmund
  2246 | D:3      | Killed Sigmund
  2246 | D:3      | Reached skill level 1 in Invocations
  2730 | D:4      | Reached XP level 7. HP: 44/44 MP: 6/8
  2832 | D:4      | Found a shadowy altar of Dithmenos.
  2851 | D:4      | HP: 2/44 [orc priest (2)]
  3287 | D:4      | Reached skill level 5 in Maces & Flails
  3416 | D:4      | Reached skill level 5 in Armour
  3416 | D:4      | Reached skill level 5 in Shields
  3587 | D:5      | Entered Level 5 of the Dungeon
  3594 | D:5      | Found Qulerch's Distillery.
  3602 | D:5      | Bought a potion of heal wounds for 75 gold pieces
  3672 | D:5      | Reached * piety under Okawaru
  3753 | D:5      | Got a scorched whip
  3754 | D:5      | Identified the +5 whip "Soamew" {drain, *Slow rPois rF+++}
                  | (You found it on level 5 of the Dungeon)
  3758 | D:5      | Noticed Eustachio
  3779 | D:5      | Killed Eustachio
  3779 | D:5      | Reached XP level 8. HP: 45/48 MP: 6/10
  3814 | D:5      | Reached skill level 6 in Maces & Flails
  3870 | D:5      | Found a sand-covered staircase.
  4014 | D:5      | Found a hide-covered altar of Uskayaw.
  4196 | Ossuary  | Entered an ossuary
  4486 | D:5      | Noticed Menkaure
  4497 | D:5      | Killed Menkaure
  4497 | D:5      | Reached ** piety under Okawaru
  4497 | D:5      | Reached skill level 7 in Maces & Flails
  4690 | D:5      | Found Gufehe Fute's Food Boutique.
  4842 | D:5      | Bought a potion of haste for 150 gold pieces
  4842 | D:5      | Bought 2 potions of might for 120 gold pieces
  4981 | D:6      | Found a shimmering altar of Xom.
  5014 | D:6      | Reached XP level 9. HP: 52/52 MP: 12/12
  5251 | D:6      | Found Goipetax's Antique Weapon Boutique.
  5254 | D:6      | Bought a shimmering mace for 200 gold pieces
  5662 | D:6      | Found a white marble altar of Elyvilon.
  5670 | D:6      | Found a radiant altar of Vehumet.
  5679 | D:6      | Found a sparkling altar of Nemelex Xobeh.
  5679 | D:6      | Found a deep blue altar of Sif Muna.
  5688 | D:6      | Found an ancient bone altar of Kikubaaqudgha.
  5836 | D:6      | Reached skill level 8 in Maces & Flails
  5836 | D:6      | Reached skill level 5 in Invocations
  5965 | D:6      | Found a staircase to the Ecumenical Temple.
  6230 | D:7      | Found a sacrificial altar of Ru.
  6278 | D:7      | Reached *** piety under Okawaru
  6591 | D:7      | Found Nily's Assorted Antiques.
  6615 | D:7      | Bought a scroll labeled XAALI BIUNAROP for 29 gold pieces
  7184 | D:8      | Reached skill level 9 in Maces & Flails
  7184 | D:8      | Reached XP level 10. HP: 41/58 MP: 14/14
  7460 | D:8      | Identified the +6 mace of the Doomed Warrior {flame, MR+
                  | Int-2 Dex+2 SInv} (You bought it in a shop on level 6 of
                  | the Dungeon)
  7645 | D:8      | Found a staircase to the Lair.
  7813 | D:8      | Found a shimmering altar of Xom.
  7890 | D:8      | Reached **** piety under Okawaru
  7950 | D:8      | Found an opulent altar of Gozag.
  8215 | Lair:1   | Entered Level 1 of the Lair of Beasts
  8262 | Lair:1   | Noticed Urug
  8294 | Lair:1   | Killed Urug
  8557 | Lair:1   | Reached skill level 10 in Maces & Flails
  8655 | Lair:1   | Noticed a spiny frog
  8671 | Lair:1   | Killed a spiny frog
  8877 | Lair:1   | Noticed an elephant
  8877 | Lair:1   | Noticed an elephant
  8877 | Lair:1   | Noticed an elephant
  8878 | Lair:1   | Noticed an elephant
  8939 | Lair:1   | Killed an elephant
  8943 | Lair:1   | Killed an elephant
  8943 | Lair:1   | Reached XP level 11. HP: 43/62 MP: 14/16
  8948 | Lair:1   | Reached ***** piety under Okawaru
  8948 | Lair:1   | Reached skill level 5 in Fighting
  9477 | Lair:2   | Noticed a five-headed hydra
  9493 | Lair:2   | Killed a five-headed hydra
  9493 | Lair:2   | Received a gift from Okawaru
  9493 | Lair:2   | Reached skill level 11 in Maces & Flails
  9496 | Lair:2   | Got a pair of polished boots {god gift}
  9507 | Lair:2   | Identified the +2 pair of boots "Agirr" {MR+} (Okawaru
                  | gifted it to you on level 2 of the Lair of Beasts)
  9561 | Lair:2   | Found a transporter.
  9643 | Lair:2   | Noticed an eight-headed hydra
  9643 | Lair:2   | Noticed Ymberto's ghost (journeyman NaTm)
  9652 | Lair:2   | Found a transporter.
  9687 | Lair:2   | Found a staircase to the Snake Pit.
  9696 | Lair:2   | Noticed an oklob plant
  9921 | Lair:2   | Noticed an oklob plant
  9921 | Lair:2   | Noticed an oklob plant
 10332 | Lair:2   | Noticed an oklob plant
 10332 | Lair:2   | Noticed a six-headed hydra
 10347 | Lair:2   | Killed a six-headed hydra
 10781 | Lair:2   | Noticed an oklob plant
 11042 | Lair:3   | Reached skill level 12 in Maces & Flails
 11042 | Lair:3   | Reached XP level 12. HP: 71/71 MP: 18/18
 11097 | Lair:3   | Reached skill level 10 in Armour
 11295 | Lair:3   | Found a staircase to the Swamp.
 11337 | Lair:3   | Noticed an eight-headed hydra
 11366 | Lair:3   | Killed an eight-headed hydra
 11374 | Lair:3   | Received a gift from Okawaru
 11792 | Lair:3   | Noticed an eight-headed hydra
 11810 | Lair:3   | Killed an eight-headed hydra
 12439 | Lair:2   | Killed an eight-headed hydra
 12439 | Lair:2   | Reached skill level 13 in Maces & Flails
 12484 | Lair:2   | Killed Ymberto's ghost
 12484 | Lair:2   | Reached ****** piety under Okawaru
 12722 | Lair:2   | Upgraded the game from 0.22.0-75-g3901e79 to
                  | 0.22.1-1-ga44c0e5
 12819 | Lair:4   | Reached skill level 10 in Invocations
 13120 | Lair:4   | Reached XP level 13. HP: 75/79 MP: 20/20
 13164 | Lair:4   | Reached skill level 1 in Dodging
 13220 | Lair:4   | Received a gift from Okawaru
 13221 | Lair:4   | Found the +10 large shield of Ignorance {rN+ Int-4}
 13308 | Lair:4   | Noticed an entropy weaver
 13503 | Lair:4   | Killed an entropy weaver
 14203 | Lair:4   | Noticed an entropy weaver
 14238 | Lair:4   | Killed an entropy weaver
 14851 | Lair:5   | Found a viscous altar of Jiyva.
 14851 | Lair:5   | Found a staircase to the Slime Pits.
 15673 | Lair:5   | Identified a scroll of acquirement
 16179 | D:9      | Found a basalt altar of Yredelemnul.
 16937 | D:3      | Killed Ymberto's ghost
 17057 | D:10     | Entered Level 10 of the Dungeon
 17320 | D:10     | Noticed Joseph
 17338 | D:10     | Killed Joseph
 18006 | D:11     | Received a gift from Okawaru
 18144 | D:11     | Found the +8 storm bow {elec}
 18207 | D:11     | Found a runed gate.
 18207 | D:11     | Found a runed gate.
 18207 | D:11     | Found a runed gate.
 18208 | D:11     | Noticed Nydiazath's ghost (journeyman SpEn)
 18255 | D:11     | Reached skill level 10 in Fighting
 18505 | D:11     | Gained mutation: Your large and strong wings let you fly
                  | indefinitely. [Gargoyle growth]
 18505 | D:11     | Reached XP level 14. HP: 88/88 MP: 14/22
 18527 | D:11     | Killed Nydiazath's ghost
 18527 | D:11     | Reached skill level 14 in Maces & Flails
 18605 | D:11     | Noticed Snorg
 18634 | D:11     | Killed Snorg
 18858 | D:11     | Noticed Josephine
 18870 | D:11     | Killed Josephine
 19002 | D:11     | Found a hazy altar of Hepliaklqana.
 19193 | D:11     | Noticed Nergalle
 19215 | D:11     | Killed Nergalle
 19977 | D:12     | Found a staircase to the Orcish Mines.
 20376 | Orc:1    | Entered Level 1 of the Orcish Mines
 20565 | Orc:1    | Found a roughly hewn altar of Beogh.
 20684 | Orc:1    | Noticed Sonja
 20691 | Orc:1    | Killed Sonja
 20853 | Orc:1    | Found a flagged portal.
 20865 | Bailey   | Entered a bailey
 21670 | Orc:2    | Entered Level 2 of the Orcish Mines
 21715 | Orc:2    | Reached skill level 5 in Dodging
 21867 | Orc:2    | Found a staircase to the Elven Halls.
 21884 | Orc:2    | Received a gift from Okawaru
 21892 | Orc:2    | Got a polished great mace {god gift}
 22102 | Orc:2    | Identified the +1 great mace "Duty" {venom, rF+} (Okawaru
                  | gifted it to you on level 2 of the Orcish Mines)
 22168 | Orc:2    | Found a roughly hewn altar of Beogh.
 22246 | Orc:2    | Found a roughly hewn altar of Beogh.
 22346 | Orc:2    | Found a roughly hewn altar of Beogh.
 22347 | Orc:2    | Found Bofabrinn's Weapon Boutique.
 22455 | Orc:2    | Found a roughly hewn altar of Beogh.
 22456 | Orc:2    | Found Roril's Armour Emporium.
 22549 | Orc:2    | Found a roughly hewn altar of Beogh.
 23216 | Orc:2    | Noticed an orc warlord
 23513 | Orc:2    | Killed an orc warlord
 23562 | Orc:2    | Found Usanut's Antique Armour Shoppe.
 23563 | Orc:2    | Found a roughly hewn altar of Beogh.
 23577 | Orc:2    | Found Omihub's Antique Weapon Emporium.
 23675 | Orc:2    | Bought a pair of brightly glowing boots for 323 gold pieces
 23681 | Orc:2    | Bought an iridescent flail for 221 gold pieces
 23681 | Orc:2    | Identified the +8 flail of Aloinn {holy, rElec rF- Dex+3}
                  | (You bought it in a shop on level 2 of the Orcish Mines)
 23695 | Orc:2    | Identified the cursed +0 pair of boots "Nufoomiu" {-Tele
                  | rC+ rN+ rCorr} (You bought it in a shop on level 2 of the
                  | Orcish Mines)
 24158 | D:6      | Bought a glowing morningstar for 175 gold pieces
 24324 | D:13     | Received a gift from Okawaru
 25059 | D:13     | Reached skill level 1 in Evocations
 25249 | D:14     | Found a gate to the Vaults.
 25268 | D:14     | Reached XP level 15. HP: 93/95 MP: 22/24
 26503 | D:14     | Received a gift from Okawaru
 27493 | D:15     | Entered Level 15 of the Dungeon
 27536 | D:15     | Slain by a red ugly thing

Skill      XL: |  1  2  3  4  5  6  7  8  9 10 11 12 13 14 15 |
---------------+----------------------------------------------+-----
Maces & Flails | 3 4 5 7 9 10 12 13 14 | 14.9
Armour         | 4 5 6 7 8 9 11 12 13 | 13.3
Fighting       | 4 6 8 10 11 | 11.6
Shields        | 4 5 6 7 8 9 |  9.4
Invocations    | 1 2 4 5 7 8 10 11 12 | 12.8
Dodging        | 4 5 6 |  6.3
Evocations     | 1 3 |  3.3

Action                   |  1- 3 |  4- 6 |  7- 9 | 10-12 | 13-15 || total
-------------------------+-------+-------+-------+-------+-------++-------
Melee: Whip              |    20 |     4 |   392 |  1079 |  2316 ||  3811
       Flail             |     5 |       |       |       |   260 ||   265
       Mace              |    61 |   212 |    71 |       |    20 ||   364
       Morningstar       |       |       |    11 |       |     8 ||    19
Throw: Tomahawk          |       |       |     5 |     1 |    26 ||    32
Invok: Heroism           |       |       |     2 |     7 |    22 ||    31
       Finesse           |       |       |       |       |     5 ||     5
 Abil: Fly               |       |       |       |       |     2 ||     2
       Stop Flying       |       |       |       |       |     1 ||     1
Evoke: Wand              |       |       |       |       |     4 ||     4
       Fan of gales      |       |       |       |       |     1 ||     1
  Use: Scroll            |       |     8 |    11 |    12 |    13 ||    44
       Potion            |       |       |     2 |     1 |     2 ||     5
  Eat: Chunk             |       |     6 |    19 |    19 |    46 ||    90
       Ration            |       |       |     1 |       |     2 ||     3
Armor: Scale mail        |    50 |   116 |       |       |       ||   166
       Chain mail        |       |       |   202 |   539 |       ||   741
       Plate armour      |       |       |       |    21 |  1207 ||  1228
Dodge: Dodged            |    29 |    58 |    55 |   318 |   752 ||  1212
Block: Shield            |    59 |   138 |   240 |    62 |       ||   499
       Buckler           |       |       |       |   358 |   907 ||  1265
